 Dungeon Crawl Stone Soup version 0.27.1-34-g3ba077fa99 (webtiles) character file.

Game seed: 5320334939871081504

596 Karpo the Digger (level 7, -2/36 HPs)
             Began as a Gargoyle Earth Elementalist on Jan 18, 2022.
             Was a Follower of Vehumet.
             Slain by an iguana (10 damage)
             ... on level 5 of the Dungeon.
             The game lasted 00:19:57 (6370 turns).

Karpo the Digger (Gargoyle Earth Elementalist)      Turns: 6370, Time: 00:19:58

Health: -2/36      AC:  6    Str: 12    XL:     7   Next: 40%
Magic:  14/15      EV: 11    Int: 17    God:    Vehumet [*.....]
Gold:   238        SH:  0    Dex: 10    Spells: 12/16 levels left

rFire    . . .     SeeInvis .   n - staff of earth
rCold    . . .     Faith    .   (no shield)
rNeg     + . .     Spirit   .   b - +0 robe
rPois    ∞         Reflect  .   (no helmet)
rElec    +         Harm     .   (no cloak)
rCorr    .         Rampage  .   (no gloves)
Will     .....                  (no boots)
Stlth    ++........             (no amulet)
HPRegen  0.12/turn              (no ring)
MPRegen  0.14/turn              (no ring)

@: no status effects
A: sickness immunity, AC +4, negative energy resistance 1, electricity
resistance, torment resistance 1, petrification resistance
a: Renounce Religion


You were on level 5 of the Dungeon.
You worshipped Vehumet.
Vehumet was aware of your devotion.
You visited 2 branches of the dungeon, and saw 7 of its levels.
You also visited: Sewer.

You collected 238 gold pieces.

Inventory:

Hand Weapons
 e - a +0 dagger of pain
 f - a +0 club
 i - a +0 short sword
 k - a +0 whip
 q - a +0 mace
 t - a +2 quarterstaff of chaos
 w - a +0 vorpal trident
Missiles
 c - 40 stones
Armour
 b - a +0 robe (worn)
 u - a +0 cloak
Magical Staves
 n - a staff of earth (weapon)
Jewellery
 g - a ring of flight
Scrolls
 d - 3 scrolls of blinking
 j - 2 scrolls of identify
 y - a scroll of summoning {unknown}
 z - 2 scrolls of fear
 A - a scroll of enchant armour {unknown}
 D - 2 scrolls of magic mapping
 E - a scroll of fog {unknown}
 F - a scroll of brand weapon {unknown}
 G - a scroll of torment {unknown}
Potions
 a - 4 potions of haste {unknown}
 h - 2 potions of experience {unknown}
 l - 2 potions of invisibility {unknown}
 m - 3 potions of degeneration {unknown}
 o - 2 potions of attraction {unknown}
 p - 2 potions of brilliance {unknown}
 r - a potion of curing {unknown}
 s - 2 potions of cancellation {unknown}
 v - a potion of resistance
 x - a potion of heal wounds {unknown}
 B - a potion of magic {unknown}
 C - 2 potions of might {unknown}


   Skills:
 - Level 1.5 Dodging
 - Level 2.1 Stealth
 + Level 5.3 Spellcasting
 - Level 0.7 Transmutations
 + Level 7.5 Earth Magic


You had 12 spell levels left.
You knew the following spells:

 Your Spells              Type           Power      Damage    Failure   Level
a - Sandblast             Erth           90%        2d19      1%          1
b - Stone Arrow           Conj/Erth      50%        3d10      9%          3

Your spell library contained the following spells:

 Spells                   Type           Power      Damage    Failure   Level
 Freeze                   Ice            16%        1d4       14%         1
 Passwall                 Tmut/Erth      22%        N/A       3%          2
 Blink                    Tloc           N/A        N/A       21%         2
 Petrify                  Tmut/Erth      27%        N/A       26%         4
 Lesser Beckoning         Tloc           2%         N/A       38%         3
 Manifold Assault         Tloc           4%         N/A       98%         5
 Storm Form               Tmut/Air       2%         N/A       100%        7


Dungeon Overview and Level Annotations

Branches:
Dungeon (6/15)             Temple (1/1) D:5           Sewer (visited)

Altars:
Dithmenos
Fedhas
Gozag
Hepliaklqana
Nemelex Xobeh
Okawaru
Qazlal
Ru
Sif Muna
Trog
Uskayaw
Vehumet
Xom
Yredelemnul
Zin
The Shining One

Shops:
D:6 ?


Innate Abilities, Weirdness & Mutations

You are immune to sickness and miasma.
Your stone body is resilient. (AC +4)
You are immune to poison.
You resist negative energy. (rN+)
You are resistant to electric shocks. (rElec)
You are resistant to unholy torment.
You are immune to petrification.


Message History

Casting: Stone Arrow (dangerous; 9% risk of failure)
Confirm with . or Enter, or press ? or * to list all spells.
Aiming: Stone Arrow (dangerous; 9% risk of failure)
Press: ? - help, Shift-Dir - straight line, f - iguana
Aim: an iguana (75% to hit)
You feel a surge of power!
The stone arrow hits the iguana!
The iguana is heavily wounded.
You barely miss the iguana.
The iguana is heavily wounded.
The iguana misses you.
You closely miss the iguana.
The iguana is heavily wounded.
The iguana barely misses you.
You closely miss the iguana.
The iguana is heavily wounded.
The iguana misses you.
You closely miss the iguana.
The iguana is heavily wounded.
The iguana bites you but does no damage.
You hit the iguana but do no damage.
The iguana is heavily wounded.
The iguana completely misses you. The iguana barely misses you.
You hit the iguana but do no damage.
The iguana is heavily wounded.
The iguana bites you.
You hit the iguana but do no damage.
The iguana is heavily wounded.
The iguana closely misses you.
You hit the iguana.
You shatter the iguana.
The iguana is almost dead.
The iguana bites you.
You hit the iguana but do no damage.
The iguana is almost dead.
The iguana bites you!
You hit the iguana but do no damage.
The iguana is almost dead.
The iguana bites you!
* * * LOW HITPOINT WARNING * * *
The iguana bites you!
You die...

#.# #........# #.#
#........# #.#
#........ #.#
#....... #..
####...... #..
#...$..... ####..
#......l#####
......
#......@..).+
O......
+.......#####
..)....
#.............
.....#.
#+#.............
.....#.
#..>............
.......
#...............
.....##
#.................
...###.
#..................
#.....
#............######
...##..


You could see an iguana.

Vanquished Creatures
  2 bullfrogs (Sewer)
  A centaur zombie (D:6)
  3 hounds
  Crazy Yiuf (D:3)
  A jelly (D:6)
  An orc priest (D:3)
  11 adders
  4 river rats (Sewer)
  A shadow imp (D:6)
  An ufetubus (D:4)
  3 dart slugs
  5 orcs
  17 ball pythons
  5 bats
  7 endoplasms
  3 giant cockroaches
  5 goblins
  7 hobgoblins
  3 jackals (D:1)
  3 quokkas
  4 frilled lizards
  7 kobolds
  A quokka skeleton (D:4)
  28 rats
124 creatures vanquished.

Notes
Turn   | Place    | Note
-------+----------+-------------------------------------------
     0 | D:1      | Karpo the Gargoyle Earth Elementalist began the quest for
                  | the Orb.
     0 | D:1      | Reached XP level 1. HP: 10/10 MP: 3/3
   164 | D:1      | Reached skill level 4 in Earth Magic
   164 | D:1      | Reached XP level 2. HP: 10/15 MP: 1/5
  1251 | D:1      | Reached XP level 3. HP: 9/19 MP: 6/6
  1565 | D:1      | Learned a level 3 spell: Stone Arrow
  3035 | D:2      | Reached XP level 4. HP: 24/24 MP: 2/8
  3587 | D:3      | Reached skill level 5 in Earth Magic
  3821 | D:3      | Reached XP level 5. HP: 28/28 MP: 0/10
  4000 | D:3      | Found a runed translucent door.
  4001 | D:3      | Noticed Crazy Yiuf
  4140 | D:3      | Killed Crazy Yiuf
  4343 | D:4      | Identified the +6 chain mail of Noughts and Crosses {rC+
                  | Slay+4}
  4365 | D:4      | Reached skill level 6 in Earth Magic
  4550 | D:5      | Entered Level 5 of the Dungeon
  4589 | D:4      | Reached XP level 6. HP: 32/32 MP: 8/12
  4734 | D:5      | Found a staircase to the Ecumenical Temple.
  4747 | Temple   | Entered the Ecumenical Temple
  4782 | Temple   | Became a worshipper of Vehumet
  4889 | D:6      | Found Seilipos's Magic Scroll Shop.
  5264 | D:6      | Found a glowing drain.
  5274 | Sewer    | Entered a sewer
  5573 | Sewer    | Reached * piety under Vehumet
  5573 | Sewer    | Offered knowledge of Foxfire by Vehumet.
  5878 | Sewer    | Reached skill level 7 in Earth Magic
  5878 | Sewer    | Reached XP level 7. HP: 36/36 MP: 8/14
  5880 | Sewer    | Reached skill level 5 in Spellcasting
  6175 | D:6      | Offered knowledge of Freeze by Vehumet.
  6370 | D:5      | Slain by an iguana

Illustrated notes

Levels and vault maps discovered:
D:1:      mainiacjoe_arrival_reflecting_pool, layout_basic,
          hangedman_glass_teeth, minivault_25, minmay_misc_feat_tower,
          minmay_distorted
D:2:      layout_loops_ring, serial_glass, glass_columns_a, glass_columns_b
D:3:      layout_rooms, uniq_crazy_yiuf_cottage
D:4:      layout_basic
D:5:      cheibrodos_quashed, layout_basic, kennysheep_slug_shrine,
          pdpol_wu_jian_five_deadly_venoms, mainiacjoe_overflow_six_doors_small,
          minmay_temple_entry_slanted
D:6:      layout_loops_corners, serial_shops, nicolae_stop_n_shop_2,
          portal_sewer_entry_b, st_stairs_7
Temple:   compressed_dpeg_circular_temple

Skill      XL: |  1  2  3  4  5  6  7 |
---------------+----------------------+-----
Earth Magic    | 4 5 6 7 |  7.5
Spellcasting   | 3 4 5 |  5.3
Dodging        | |  1.5
Stealth        | |  2.1
Transmutations | |  0.7

Action                   |  1- 3 |  4- 6 |  7- 9 || total
-------------------------+-------+-------+-------++-------
Melee: Dagger            |    51 |       |       ||    51
       Whip              |    41 |       |       ||    41
       Staff             |    74 |    42 |    22 ||   138
 Cast: Sandblast         |    19 |    71 |    11 ||   101
       Stone Arrow       |     4 |    15 |     5 ||    24
  Use: Scroll            |       |     4 |     1 ||     5
 Stab: Sleeping          |     1 |       |       ||     1
Armor: Robe              |    72 |    22 |    15 ||   109
Dodge: Dodged            |   119 |    39 |    36 ||   194
